AoeStats
← 牛欢喜

African Clearing

505061599Analyzed
4v4 RM · 25d ago on Sep 7, 2026· 41m 23s· 8 players
Game mode
Random Map
Map size
Large (8 player)
Population
200
Speed
Normal
Resources
Standard
Victory
Conquest
Starting age
Dark Age
Ending age
Imperial Age
RankedLock teamsTeams togetherTeam positionsShared explorationLock speedFull tech treeHidden civsTurbo modeCheats
Victory
Defeat
🇨🇳 Chinese · China
1582
+14
🇨🇳 Wei · China
1552
+15
🇨🇳 Berbers · China
1529
+16
🇨🇳 Magyars · China
1506
+17
🇹🇷 Magyars · Türkiye
1610
-20
🇩🇪 Gurjaras · Germany
1547
-16
🇨🇳 Mongols · China
1476
-13
🇧🇷 Burgundians · Brazil
1467
-13
咸酸菜
2:47 Loom
10:57 Feudal Age
10:58 Man-at-Arms
13:28 Fletching
15:01 Padded Archer Armor
19:56 Double-Bit Axe
21:08 Horse Collar
25:48 Castle Age
25:49 Crossbowman
26:33 Bodkin Arrow
27:30 Bow Saw
29:54 Heavy Plow
31:28 Wheelbarrow
30:39 Town Watch
33:47 Ballistics
35:45 Thumb Ring
37:48 Hand Cart
40:11 Leather Archer Armor
42:40 Imperial Age
41:11 Bloodlines
41:02 Husbandry
牛欢喜
6:01 Loom
14:45 Feudal Age
16:52 Double-Bit Axe
19:31 Castle Age
17:55 Fletching
20:24 Bloodlines
21:08 Bow Saw
23:52 Husbandry
24:54 Bodkin Arrow
27:24 Town Watch
28:15 Wheelbarrow
31:53 Ballistics
32:55 Padded Archer Armor
37:19 Gold Mining
41:26 Imperial Age
40:06 Gold Shaft Mining
41:01 Leather Archer Armor
Hyacine
3:47 Loom
12:23 Feudal Age
14:58 Double-Bit Axe
18:57 Bloodlines
20:12 Horse Collar
27:07 Castle Age
25:55 Stone Mining
28:24 Bow Saw
29:28 Wheelbarrow
37:54 Imperial Age
35:35 Heavy Plow
35:35 Fletching
35:48 Gold Mining
37:09 Bodkin Arrow
37:50 Husbandry
37:59 Corvinian Army
38:37 Recurve Bow
38:58 Conscription
38:40 Padded Archer Armor
40:15 Chemistry
40:14 Parthian Tactics
40:23 Bracer
40:39 Leather Archer Armor
40:53 Ballistics
41:16 Thumb Ring
40:55 Heavy Cavalry Archer
i no hotkey
6:11 Loom
14:48 Feudal Age
18:41 Castle Age
16:44 Stone Mining
17:35 Gold Mining
17:43 Horse Collar
20:15 Double-Bit Axe
26:12 Wheelbarrow
25:52 Bow Saw
28:48 Heavy Plow
31:33 Husbandry
31:43 Bloodlines
32:57 Hand Cart
34:18 Scale Barding Armor
34:24 Forging
36:17 Chain Barding Armor
36:33 Iron Casting
39:59 Imperial Age
40:51 Gold Shaft Mining
40:51 Stone Shaft Mining
40:16 Elite Tiger Cavalry
42:01 Blast Furnace
41:24 Conscription
Saraiva
5:34 Loom
7:44 Double-Bit Axe
12:51 Feudal Age
15:08 Bow Saw
SbS | Havoc
9:11 Loom
12:16 Feudal Age
14:04 Double-Bit Axe
16:24 Forging
23:10 Castle Age
23:12 Bloodlines
23:09 Scale Barding Armor
24:01 Wheelbarrow
32:26 Town Watch
33:57 Bow Saw
Jugband
10:36 Loom
13:59 Feudal Age
14:51 Double-Bit Axe
14:53 Town Watch
17:41 Castle Age
15:39 Stone Mining
19:19 Bow Saw
18:51 Horse Collar
24:23 Wheelbarrow
24:48 Wheelbarrow
25:15 Corvinian Army
25:55 Scale Barding Armor
29:34 Husbandry
32:02 Bloodlines
33:23 Hand Cart
第一滴血
11:52 Feudal Age
16:53 Castle Age
15:14 Double-Bit Axe
17:40 Loom
22:18 Bow Saw
22:48 Wheelbarrow
25:24 Fishing Lines
27:04 Fletching
28:23 Bodkin Arrow
29:49 Padded Archer Armor
30:49 Horse Collar
36:06 Imperial Age
33:57 Gillnets
34:33 Gold Mining
36:09 Ballistics
37:04 Bracer
38:46 Stone Mining
40:24 Chemistry
40:39 Bloodlines
40:29 Husbandry
40:36 Thumb Ring
42:06 Leather Archer Armor
Connection lost

Rejoining the realm…

Still unreachable

The connection could not be restored.

Session expired

The server has moved on; the page needs a fresh start.